 Dungeon Crawl Stone Soup version 0.29-a0-393-g47a863cc1b (webtiles) character file.

Game seed: 17154558613435488834

44 pippo the Magician (level 3, 0/19 HPs)
             Began as a Deep Elf Hedge Wizard on May 9, 2022.
             Slain by an orc
             ... wielding a +0 whip
              (6 damage)
             ... on level 2 of the Dungeon.
             The game lasted 00:14:30 (2608 turns).

pippo the Magician (Deep Elf Hedge Wizard)          Turns: 2608, Time: 00:14:31

Health: 0/19       AC:  2    Str:  7    XL:     3   Next: 41%
Magic:  4/12       EV: 12    Int: 20    God:
Gold:   21         SH:  0    Dex: 14    Spells: 1/13 levels left

rFire   . . .      SeeInvis .   l - +0 short sword (holy)
rCold   . . .      Faith    .   (no shield)
rNeg    . . .      Spirit   .   b - +0 robe
rPois   .          Reflect  .   c - +0 hat
rElec   .          Harm     .   (no cloak)
rCorr   .          Rampage  .   (no gloves)
Will    .....                   (no boots)
Stlth   ++........              (no amulet)
HPRegen 0.06/turn               (no ring)
MPRegen 0.13/turn               (no ring)

@: no status effects
A: no striking features
a: no special abilities


You were on level 2 of the Dungeon.
You visited 1 branch of the dungeon, and saw 3 of its levels.

You collected 21 gold pieces.

Inventory:

Hand Weapons
 l - a +0 short sword of holy wrath (weapon)
Armour
 b - a +0 robe (worn)
 c - a +0 hat (worn)
 q - a scarf of harm
Jewellery
 n - the brooch of Shielding {Spirit SH+8}
   (You found it on level 2 of the Dungeon)

   [amulet of guardian spirit]

   It causes incoming damage to be divided between your reserves of health and
   magic.
   SH:        It affects your SH (+8).
Scrolls
 e - a scroll of immolation {unknown}
 h - 2 scrolls of identify {unknown}
 k - 3 scrolls of teleportation {unknown}
 m - a scroll of enchant armour {unknown}
 o - 2 scrolls of poison {unknown}
 p - a scroll of noise {unknown}
Potions
 a - a potion of brilliance {unknown}
 d - a potion of magic
 f - a potion of invisibility {unknown}
 g - a potion of lignification {unknown}
 i - 3 potions of degeneration {unknown}
 j - 2 potions of might {unknown}
 r - a potion of berserk rage {unknown}


   Skills:
 + Level 2.4 Dodging
 + Level 2.6 Stealth
 + Level 5.5 Spellcasting
 + Level 1.5 Conjurations
 + Level 0.6 Hexes
 + Level 1.2 Summonings
 + Level 1.4 Translocations
 + Level 0.0 Fire Magic
 * Level 0.1 Air Magic
 * Level 0.4 Poison Magic


You had one spell level left.
You knew the following spells:

 Your Spells              Type           Power      Damage    Failure   Level
a - Call Imp              Summ           10%        N/A       10%         2
b - Blink                 Tloc           22%        N/A       10%         2
e - Mephitic Cloud        Conj/Pois/Air  8%         N/A       24%         3
q - Slow                  Hex            32%        N/A       9%          1
w - Conjure Flame         Conj/Fire      8%         6-21      24%         3
z - Magic Dart            Conj           44%        1d5       6%          1

Your spell library contained the following spells:

 Spells                   Type           Power      Damage    Failure   Level


Dungeon Overview and Level Annotations

Branches:
Dungeon (3/15)

Altars:
Dithmenos


Message History

Aiming: Magic Dart (safe; 6% risk of failure)
Press: ? - help, Shift-Dir - straight line, f - orc
Aim: an orc, wielding a +0 whip and wearing a +0 scale mail (100% to hit)
The magic dart hits the orc.
The orc is lightly wounded.
The orc priest begins to cast a cantrip, but forgets the words!
Casting: Magic Dart (safe; 6% risk of failure)
Confirm with . or Enter, or press ? or * to list all spells.
Aiming: Magic Dart (safe; 6% risk of failure)
Press: ? - help, Shift-Dir - straight line, f/p - orc
Aim: an orc, wielding a +0 whip and wearing a +0 scale mail (lightly wounded, 100% to hit)
The magic dart hits the orc.
The orc is moderately wounded.
Casting: Magic Dart (safe; 6% risk of failure)
Confirm with . or Enter, or press ? or * to list all spells.
A beastly little devil appears in a puff of flame.
Casting: Call Imp (safe; 10% risk of failure)
Confirm with . or Enter, or press ? or * to list all spells.
You miscast Call Imp.
You are very lightly contaminated with residual magic.
Nothing appears to happen.
Casting: Call Imp (safe; 10% risk of failure)
Confirm with . or Enter, or press ? or * to list all spells.
A beastly little devil appears in a puff of flame.
Your crimson imp disappears in a puff of smoke!
The orc priest miscasts a cantrip.
The orc hits you with a +0 whip.
Your crimson imp hits the orc priest.
You climb upwards.
There is a stone staircase leading down here.
The orc attacks as you move away! The orc closely misses you.
Your magical contamination has completely faded away.
The orc attacks as you move away! The orc closely misses you.
The orc attacks as you move away! The orc hits you with a +0 whip.
The orc attacks as you move away! The orc hits you but does no damage.
The orc attacks as you move away! The orc hits you with a +0 whip.
The orc attacks as you move away! The orc closely misses you.
The orc attacks as you move away! The orc hits you with a +0 whip.
You see here 22 stones.
The orc attacks as you move away! The orc hits you with a +0 whip.
You die...

#.######. #........
#######.######. #.....#.# #.
########### #.###.#.######.
#.........####.###.#........
###.#######.#.................
#...# #.#.o#####.#.....#..
####'#########.#@.# ###.###.#.#
#..............#..# #.###...#
#..)..##########..# #.##....#
#.....##..........#######.##....#
#.....##>#######.#........#......
####.....#.....#.####.###.#.##..#
#######.###.#.# #.#####.##... #.#
#.#.# #.......##.## #.# #.#.#
###########.#


You could see an orc.

Vanquished Creatures
  A worm (D:2)
  4 endoplasms
  A giant cockroach (D:2)
  6 goblins
  2 hobgoblins
  3 kobolds
  3 quokkas
  4 bats
  2 frilled lizards
26 creatures vanquished.

Vanquished Creatures (collateral kills)
  An adder (D:2)
  A ball python (D:2)
  A frilled lizard (D:1)
3 creatures vanquished.

Grand Total: 29 creatures vanquished

Notes
Turn   | Place    | Note
-------+----------+-------------------------------------------
     0 | D:1      | pippo the Deep Elf Hedge Wizard began the quest for the
                  | Orb.
     0 | D:1      | Reached XP level 1. HP: 10/10 MP: 7/7
   472 | D:1      | Reached skill level 5 in Spellcasting
   557 | D:1      | Reached XP level 2. HP: 10/15 MP: 1/10
   562 | D:1      | Learned a level 2 spell: Blink
   565 | D:1      | Learned a level 2 spell: Call Imp
   567 | D:1      | Learned a level 1 spell: Slow
  1525 | D:2      | Reached XP level 3. HP: 19/19 MP: 7/11
  1529 | D:2      | Learned a level 3 spell: Conjure Flame
  1533 | D:2      | Learned a level 3 spell: Mephitic Cloud
  1595 | D:2      | Found the brooch of Shielding {Spirit SH+8}
  1628 | D:2      | Found a faded altar of an unknown god.
  2569 | D:3      | Found a shadowy altar of Dithmenos.
  2608 | D:2      | Slain by an orc

Illustrated notes

Levels and vault maps discovered:
D:1:      roderic_octagonal_star, layout_basic, minmay_misc_feat_encased
D:2:      layout_basic, chequers_ecumenical_altar_simple_redux
D:3:      layout_basic, grunt_dithmenos_smoke, minitemple, serial_glass,
          glass_columns_c, glass_columns_a, ebering_ghost_reflecting_pool

Skill      XL: |  1 |
---------------+----+-----
Spellcasting   | 5 |  5.5
Dodging        | |  2.4
Stealth        | |  2.6
Conjurations   | |  1.5
Hexes          | |  0.6
Summonings     | |  1.2
Translocations | |  1.4
Air Magic      | |  0.1
Poison Magic   | |  0.4

Action                   || total
-------------------------++-------
Melee: Dagger            ||     2
 Cast: Magic Dart        ||    78
       Call Imp          ||    10
       Blink             ||     1
Armor: Robe              ||     2
Dodge: Dodged            ||     7

Table legend: (Time is in decaauts)
 A = Elapsed time spent in this place.
 B = Non-inter-level travel time spent in this place.
 C = Inter-level travel time spent in this place.
 D = Time resting spent in this place.
 E = Time spent auto-exploring this place.
 F = Levels seen in this place.
 G = Mean time per level.
                   A        B        C        D        E       F      G
               +--------+--------+--------+--------+--------+-----+--------+
         Total |   2607 |   2572 |     35 |    731 |   1565 |   3 |  869.0 |
       Dungeon |   2607 |   2572 |     35 |    731 |   1565 |   3 |  869.0 |
               +--------+--------+--------+--------+--------+-----+--------+

Top non-repeatable levels by time:
     D:1: 1413 daAuts
     D:2: 1165 daAuts
     D:3: 28 daAuts
